 Dungeon Sprint DCSS version 0.24.1-4-ge52af88ad5 (webtiles) character file.

Game seed: 5316934442078017943, levelgen mode: deterministic

12218 Doot the Sorcerer (level 11, -1/90 HPs)
             Began as a Deep Elf Wizard on Apr 20, 2020.
             Was the Champion of Vehumet.
             Slain by an unseen horror (5 damage)
             ... in the Dungeon (Sprint VII: "The Pits").
             The game lasted 00:19:57 (4595 turns).

Doot the Sorcerer (Deep Elf Wizard)                 Turns: 4595, Time: 00:19:58

Health: -1/90      AC: 12    Str:  8 (9)  XL:     11   Next: 59%
Magic:  0/38       EV: 13    Int: 33 (34) God:    Vehumet [******]
Gold:   13         SH:  0    Dex: 13      Spells: 12/52 levels left

rFire    . . .     SeeInvis +   w - +1 broad axe "Ciubb" {freeze, Int+4}
rCold    . . .     Gourm    .   (no shield)
rNeg     . . .     Faith    .   x - +5 ring mail
rPois    .         Spirit   .   y - +0 helmet
rElec    .         Reflect  .   (no cloak)
rCorr    .         Harm     .   (no gloves)
MR       +....     NoTele   +   (no boots)
Stlth    ..........             (no amulet)
HPRegen  0.25/turn              A - +3 ring of intelligence
MPRegen  0.26/turn              E - ring of see invisible

@: berserking (expiring), lethally poisoned (-1 -> -44), very quick
A: no striking features
a: Renounce Religion


You were in the Dungeon.
You worshipped Vehumet.
Vehumet was exalted by your worship.
You were not hungry.

You visited 1 branch You collected 13 gold pieces.

Inventory:

Hand Weapons
 o - a +2 falchion
 r - a +2 long sword of flaming
 w - the +1 broad axe "Ciubb" (weapon) {freeze, Int+4}
   (You found it in the Dungeon)

   It has been specially enchanted to freeze those struck by it, causing extra
   injury to most foes and up to half again as much damage against particularly
   susceptible opponents.
   It can also slow down cold-blooded creatures.
   It affects your intelligence (+4).
Armour
 a - a +0 robe
 b - a +0 hat
 q - a +3 ring mail
 x - a +5 ring mail (worn)
 y - a +0 helmet (worn)
Magical Staves
 n - an uncursed staff of energy
Jewellery
 p - a +3 ring of dexterity
 u - a +3 ring of dexterity
 A - a +3 ring of intelligence (left hand)
 B - an uncursed ring of positive energy
 E - a ring of see invisible (right hand)
Wands
 s - a wand of flame (15)
Scrolls
 j - a scroll of identify
 k - 4 scrolls of remove curse
 l - 5 scrolls of amnesia
 m - a scroll of summoning
 C - 3 scrolls of enchant armour
 G - 2 scrolls of fog
 H - 2 scrolls of fear
Potions
 c - a potion of invisibility
 e - 11 potions of curing
 f - 12 potions of heal wounds
 g - a potion of haste
 h - 4 potions of magic
 i - 5 potions of berserk rage
 t - a potion of agility
 v - 3 potions of brilliance
 z - a potion of resistance
 D - a potion of mutation
Miscellaneous
 F - a box of beasts
Comestibles
 d - 11 rations


   Skills:
 + Level 3.9 Fighting
 + Level 1.5 Long Blades
 + Level 1.0 Axes
 + Level 6.0 Armour
 + Level 8.0 Dodging
 + Level 4.9 Stealth
 + Level 21.4 Spellcasting
 + Level 14.6 Conjurations
 + Level 1.4 Hexes
   Level 1.1 Summonings
 + Level 3.6 Necromancy
 + Level 10.8 Translocations
 + Level 6.0 Fire Magic
 * Level 5.2 Ice Magic
 + Level 4.9 Air Magic
 + Level 6.6 Poison Magic


You had 12 spell levels left.
You knew the following spells:

 Your Spells              Type           Power        Failure   Level  Hunger
a - Magic Dart            Conj           ####         0%          1    None
b - Blink                 Tloc           N/A          1%          2    None
c - Conjure Flame         Conj/Fire      #######.     1%          3    None
d - Mephitic Cloud        Conj/Pois/Air  #######.     1%          3    None
e - Sting                 Conj/Pois      ####         1%          1    None
f - Searing Ray           Conj           ######       0%          2    None
g - Inner Flame           Hex/Fire       ######..     1%          3    None
h - Force Lance           Conj/Tloc      #######.     1%          4    None
i - Sticky Flame          Conj/Fire      #######.     1%          4    None
j - Bolt of Draining      Conj/Necr      #######...   1%          5    None
k - Freezing Cloud        Conj/Ice/Air   ######....   3%          6    None
l - Bolt of Fire          Conj/Fire      #######...   1%          6    None

Your spell library contained the following spells:

 Spells                   Type           Power        Failure   Level  Hunger
 Glaciate                 Conj/Ice       #######...   100%        9    #####..
 Shatter                  Erth           #####.....   100%        9    #####..
 Tornado                  Air            ######....   100%        9    #####..
 Slow                     Hex            #####...     1%          2    None
 Call Imp                 Summ           #####...     2%          2    None


Dungeon Overview and Level Annotations

Branches:
Dungeon (1/1)

Altars:
Ashenzari
Cheibriados
Dithmenos
Elyvilon
Fedhas
Gozag
Hepliaklqana
Kikubaaqudgha
Makhleb
Nemelex Xobeh
Okawaru
Qazlal
Ru
Sif Muna
Trog
Uskayaw
Vehumet
Wu Jian
Xom
Yredelemnul
Zin
The Shining One
Beogh
Jiyva
Lugonu


Message History

* * * LOW HITPOINT WARNING * * *
The ghost moth closely misses you. The ghost moth misses you.
The unseen horror barely misses you.
Your ring mail prevents you from hitting the ghost moth.
The ghost moth is heavily wounded.
You barely miss the unseen horror.
The unseen horror hits you but does no damage.
The ghost moth closely misses you. The ghost moth hits you!
* * * LOW HITPOINT WARNING * * *
You feel weakened. The ghost moth stings you.
* * * LOW HITPOINT WARNING * * *
You are lethally poisoned!
The ghost moth poisons you!
You closely miss the ghost moth.
The ghost moth is heavily wounded.
* * * LOW HITPOINT WARNING * * *
You feel very sick. The unseen horror hits you.
You die...

#++#########
#....§§§§§..
#..x@y§§§...
#..#########
#..# #..# ####
#..# #..# #..#
#..# #..# '..#
#..#
'..##########.)#


You could see a ghost moth (invisible) and an unseen horror (invisible).

Vanquished Creatures
  A nagaraja (D)
  A hydra (D)
  A catoblepas (D)
  2 death yaks (D)
  A shadow wraith (D)
  A deep elf mage (D)
  A rust devil (D)
  3 smoke demons (D)
  2 gargoyles (D)
  An efreet (D)
  A demonic crawler (D)
  A troll (D)
  A polar bear (D)
  A jumping spider (D)
  5 dream sheep (D)
  A snapping turtle (D)
  2 hippogriffs (D)
  A flying skull (D)
  2 redbacks (D)
  6 yaks (D)
  A basilisk (D)
  A warg (D)
  An acid dragon (D)
  2 orc warriors (D)
  2 floating eyes (D)
  A swamp drake (D)
  Duvessa (D)
  2 black bears (D)
  2 centaurs (D)
  A big kobold (D)
  A crocodile (D)
  Dowan (D)
  A crimson imp (D)
  A hound (D)
  2 orc priests (D)
  2 orc wizards (D)
  2 hell rats (D)
  2 mummies (D)
  An ufetubus (D)
  An adder skeleton (D)
  2 worms (D)
  3 leopard geckos (D)
  6 orcs (D)
  2 hobgoblins (D)
  6 jackals (D)
  2 quokkas (D)
  A frilled lizard (D)
  A kobold (D)
86 creatures vanquished.

Vanquished Creatures (others)
  A jelly (D)
1 creature vanquished.

Grand Total: 87 creatures vanquished

Notes
Turn   | Place    | Note
-------+----------+-------------------------------------------
     0 | D        | Doot the Deep Elf Wizard began the quest for the Orb.
     0 | D        | Reached XP level 1. HP: 10/10 MP: 7/7
     8 | D        | Noticed a floating eye
    14 | D        | Paralysed by a floating eye for 4 turns
    19 | D        | Killed a floating eye
    19 | D        | Reached skill level 10 in Spellcasting
    19 | D        | Reached XP level 2. HP: 15/15 MP: 0/15
    19 | D        | Reached XP level 3. HP: 19/19 MP: 0/17
    19 | D        | Reached XP level 4. HP: 24/24 MP: 0/18
    23 | D        | Learned a level 2 spell: Blink
    27 | D        | Learned a level 3 spell: Conjure Flame
    31 | D        | Learned a level 3 spell: Mephitic Cloud
    35 | D        | Found a bloodstained altar of Trog.
    35 | D        | Found a shimmering blue altar of Sif Muna.
    35 | D        | Found a viscous altar of Jiyva.
    35 | D        | Found a hazy altar of Hepliaklqana.
    35 | D        | Found an opulent altar of Gozag.
    36 | D        | Found a glowing golden altar of the Shining One.
    36 | D        | Found a glowing silver altar of Zin.
    36 | D        | Found a basalt altar of Yredelemnul.
    36 | D        | Found a shimmering altar of Xom.
    36 | D        | Found an ornate altar of the Wu Jian Council.
    36 | D        | Found a sacrificial altar of Ru.
    36 | D        | Found a stormy altar of Qazlal.
    36 | D        | Found an iron altar of Okawaru.
    36 | D        | Found a sparkling altar of Nemelex Xobeh.
    36 | D        | Found a burning altar of Makhleb.
    36 | D        | Found a blossoming altar of Fedhas.
    36 | D        | Found a white marble altar of Elyvilon.
    36 | D        | Found a shadowy altar of Dithmenos.
    36 | D        | Found a snail-covered altar of Cheibriados.
    37 | D        | Found a radiant altar of Vehumet.
    37 | D        | Found a corrupted altar of Lugonu.
    37 | D        | Found a roughly hewn altar of Beogh.
    38 | D        | Found a hide-covered altar of Uskayaw.
    38 | D        | Found an ancient bone altar of Kikubaaqudgha.
    38 | D        | Found a shattered altar of Ashenzari.
    47 | D        | Became a worshipper of Vehumet
   141 | D        | Reached * piety under Vehumet
   141 | D        | Offered knowledge of Sting by Vehumet.
   149 | D        | Learned a level 1 spell: Sting
   285 | D        | Reached skill level 11 in Spellcasting
   292 | D        | Reached ** piety under Vehumet
   292 | D        | Offered knowledge of Searing Ray by Vehumet.
   301 | D        | Reached *** piety under Vehumet
   332 | D        | Learned a level 2 spell: Searing Ray
   345 | D        | Offered knowledge of Inner Flame by Vehumet.
   350 | D        | Learned a level 3 spell: Inner Flame
   475 | D        | Noticed a warg
   476 | D        | Noticed a big kobold
   481 | D        | Offered knowledge of Force Lance by Vehumet.
   481 | D        | Reached skill level 5 in Dodging
   481 | D        | Reached XP level 5. HP: 28/28 MP: 14/21
   486 | D        | Killed a warg
   486 | D        | Reached skill level 1 in Fighting
   486 | D        | Reached skill level 13 in Spellcasting
   486 | D        | Reached skill level 1 in Poison Magic
   486 | D        | Reached XP level 6. HP: 17/34 MP: 6/24
   490 | D        | Reached **** piety under Vehumet
   490 | D        | Reached skill level 1 in Long Blades
   499 | D        | Learned a level 4 spell: Force Lance
   579 | D        | Offered knowledge of Sticky Flame by Vehumet.
   585 | D        | Learned a level 4 spell: Sticky Flame
   674 | D        | Reached ***** piety under Vehumet
   674 | D        | Offered knowledge of Conjure Ball Lightning by Vehumet.
   698 | D        | Reached skill level 1 in Armour
   698 | D        | Reached skill level 14 in Spellcasting
   698 | D        | Reached skill level 5 in Conjurations
   790 | D        | Noticed Duvessa
   790 | D        | Noticed Dowan
   794 | D        | Killed Duvessa
   794 | D        | Reached skill level 1 in Fire Magic
   794 | D        | Reached XP level 7. HP: 40/40 MP: 15/27
   797 | D        | Killed Dowan
   805 | D        | Reached skill level 1 in Air Magic
   933 | D        | Noticed a smoke demon
   934 | D        | Paralysed by a floating eye for 4 turns
   941 | D        | Reached skill level 15 in Spellcasting
   957 | D        | Noticed a flying skull
  1063 | D        | Killed a flying skull
  1137 | D        | Killed a smoke demon
  1137 | D        | Offered knowledge of Bolt of Draining by Vehumet.
  1137 | D        | Reached skill level 16 in Spellcasting
  1137 | D        | Reached XP level 8. HP: 25/45 MP: 13/30
  1144 | D        | Learned a level 5 spell: Bolt of Draining
  1195 | D        | Got the +1 broad axe "Ciubb" {freeze, Int+4}
  1334 | D        | Noticed a snapping turtle
  1334 | D        | Noticed a death yak
  1510 | D        | Killed a death yak
  1510 | D        | Reached skill level 1 in Necromancy
  1510 | D        | Reached skill level 5 in Poison Magic
  1996 | D        | Killed a snapping turtle
  1996 | D        | Reached skill level 17 in Spellcasting
  1996 | D        | Reached XP level 9. HP: 49/49 MP: 10/32
  2152 | D        | Noticed a gargoyle
  2443 | D        | Offered knowledge of Freezing Cloud by Vehumet.
  2443 | D        | Reached skill level 10 in Conjurations
  2452 | D        | Learned a level 6 spell: Freezing Cloud
  2554 | D        | Killed a shadow wraith
  2554 | D        | Reached skill level 18 in Spellcasting
  2554 | D        | Reached skill level 5 in Translocations
  2730 | D        | Reached ****** piety under Vehumet
  2747 | D        | Noticed a catoblepas
  2756 | D        | Killed a gargoyle
  2762 | D        | Noticed a jumping spider
  2775 | D        | Killed a jumping spider
  2906 | D        | Noticed a polar bear
  2915 | D        | Reached XP level 10. HP: 35/56 MP: 29/34
  2916 | D        | Offered knowledge of Fireball by Vehumet.
  2916 | D        | Reached skill level 19 in Spellcasting
  3049 | D        | Killed a catoblepas
  3184 | D        | Offered knowledge of Ozocubu's Refrigeration by Vehumet.
  3259 | D        | Noticed a rust devil
  3259 | D        | Noticed a smoke demon
  3259 | D        | Noticed a smoke demon
  3267 | D        | Killed a smoke demon
  3267 | D        | Reached skill level 1 in Ice Magic
  3268 | D        | Killed a smoke demon
  3268 | D        | Reached skill level 1 in Axes
  3268 | D        | Reached skill level 5 in Fire Magic
  3522 | D        | Reached skill level 5 in Armour
  3534 | D        | Killed a rust devil
  3600 | D        | Noticed a four-headed hydra
  3605 | D        | Offered knowledge of Iron Shot by Vehumet.
  3608 | D        | Killed a four-headed hydra
  3608 | D        | Reached skill level 20 in Spellcasting
  3608 | D        | Reached skill level 1 in Hexes
  3608 | D        | Reached XP level 11. HP: 60/60 MP: 13/37
  3741 | D        | Noticed a deep elf mage
  3749 | D        | Killed a deep elf mage
  3902 | D        | Offered knowledge of Bolt of Fire by Vehumet.
  3913 | D        | Learned a level 6 spell: Bolt of Fire
  3922 | D        | Reached skill level 10 in Translocations
  3931 | D        | Offered knowledge of Glaciate by Vehumet.
  3931 | D        | Offered knowledge of Shatter by Vehumet.
  3931 | D        | Offered knowledge of Tornado by Vehumet.
  4231 | D        | Noticed a death yak
  4237 | D        | Killed a death yak
  4237 | D        | Reached skill level 21 in Spellcasting
  4390 | D        | Noticed a nagaraja
  4444 | D        | Killed a nagaraja
  4444 | D        | Reached skill level 5 in Ice Magic
  4587 | D        | Noticed an unseen horror
  4587 | D        | Noticed a ghost moth
  4595 | D        | HP: 4/90 [poisoned by a ghost moth]
  4595 | D        | Slain by an unseen horror

Levels and vault maps discovered:
D:        pitsprint [storerooms_1, entrance_room_1, metal_vault_1, armoury_2,
          mini_pit_1, grid_room_1, main_hall_1, silver_pit, the_coven_3,
          the_vestibule_1, steel_vault_2, golden_pit, hallway_of_sentries,
          crystal_vault_4, iron_vault_1, final_vault]

Skill      XL: |  1  2  3  4  5  6  7  8  9 10 11 |
---------------+----------------------------------+-----
Dodging        | 4 5 6 7 8 |  8.0
Stealth        | 4 |  4.9
Spellcasting   | 10 11 13 14 16 17 18 20 21 | 21.4
Conjurations   | 2 4 6 8 9 11 13 14 | 14.6
Fighting       | 1 2 3 |  3.9
Poison Magic   | 1 3 4 5 6 |  6.6
Long Blades    | 1 |  1.5
Armour         | 1 2 3 4 5 6 |  6.0
Fire Magic     | 1 2 3 4 5 6 |  6.0
Air Magic      | 1 2 3 4 |  4.9
Translocations | 3 4 6 9 10 | 10.8
Necromancy     | 1 3 |  3.6
Ice Magic      | 2 5 |  5.2
Axes           | 1 |  1.0
Hexes          | 1 |  1.4
Summonings     | |  1.1

Action                   |  1- 3 |  4- 6 |  7- 9 | 10-12 || total
-------------------------+-------+-------+-------+-------++-------
Melee: Falchion          |       |     3 |       |       ||     3
       Long sword        |       |     4 |       |       ||     4
       Broad axe         |       |       |     3 |     9 ||    12
 Cast: Magic Dart        |     6 |    14 |     1 |       ||    21
       Sting             |       |    23 |    23 |     4 ||    50
       Conjure Flame     |       |     5 |     6 |     3 ||    14
       Searing Ray       |       |     3 |     7 |       ||    10
       Mephitic Cloud    |       |     3 |     4 |     1 ||     8
       Blink             |       |     3 |     3 |       ||     6
       Sticky Flame      |       |     1 |     8 |       ||     9
       Force Lance       |       |       |    33 |    49 ||    82
       Bolt of Draining  |       |       |     5 |     2 ||     7
       Freezing Cloud    |       |       |     1 |     6 ||     7
       Inner Flame       |       |       |       |     2 ||     2
       Bolt of Fire      |       |       |       |     7 ||     7
  Use: Potion            |       |       |     1 |     5 ||     6
       Scroll            |       |       |       |     2 ||     2
  Eat: Ration            |       |       |     1 |       ||     1
       Chunk             |       |       |     3 |     5 ||     8
Armor: Robe              |       |     3 |       |       ||     3
       Ring mail         |       |     4 |    11 |    18 ||    33
Dodge: Dodged            |       |    22 |    26 |    18 ||    66
       Rpst.: Falchion   |       |     8 |       |       ||     8
       Long sword        |       |     2 |       |       ||     2
